 Dungeon Crawl Stone Soup version 0.29.1-14-g9c671dbff4 (webtiles) character file.

Game seed: 16248291929090663678

834 Barneous the Shooter (level 7, -2/47 HPs)
             Began as an Octopode Hunter on Feb 17, 2023.
             Was a Believer of Sif Muna.
             Slain by a human skeleton (4 damage)
             ... on level 4 of the Dungeon.
             The game lasted 00:23:10 (4098 turns).

Barneous the Shooter (Octopode Hunter)              Turns: 4098, Time: 00:23:11

Health: -2/47      AC:  1    Str: 10    XL:     7   Next: 98%
Magic:  10/11      EV: 14    Int: 14    God:    Sif Muna [**....]
Gold:   204        SH:  0    Dex: 15    Spells: 10/12 levels left

rFire   . . .      SeeInvis .   a - +1 shortbow
rCold   . . .      Faith    .   (shield currently unavailable)
rNeg    . . .      Spirit   .   (helmet restricted)
rPois   .          Reflect  .   (no amulet)
rElec   .          Harm     .   (no ring)
rCorr   .          Rampage  .   (no ring)
Will    .....      Rage     3%  (no ring)
Stlth   ++++......              (no ring)
HPRegen 0.15/turn               (no ring)
MPRegen 0.12/turn               (no ring)
                                (no ring)
                                (no ring)

@: no status effects
A: almost no armour, amphibious, 8 rings, camouflage 1, gelatinous body 1,
(nimble swimmer 1), tentacles, berserk 1
a: Renounce Religion, Channel Magic


You were on level 4 of the Dungeon.
You worshipped Sif Muna.
Sif Muna was pleased with you.
You visited 1 branch of the dungeon, and saw 4 of its levels.

You collected 204 gold pieces.

Inventory:

Hand Weapons
 a - a +1 shortbow (weapon)
Missiles
 d - a throwing net
Scrolls
 b - 2 scrolls of identify
 e - 4 scrolls of enchant armour
 f - 2 scrolls of amnesia
Potions
 c - a potion of curing
 g - a potion of magic


   Skills:
 + Level 3.9 Fighting
 + Level 5.4 Ranged Weapons
 + Level 4.0 Dodging
 + Level 4.9 Stealth
 + Level 3.1 Unarmed Combat
 + Level 3.0 Spellcasting


You had 10 spell levels left.
You knew the following spells:

 Your Spells              Type           Power      Damage    Failure   Level
a - Slow                  Hex            8%         N/A       22%         1
b - Summon Small Mammal   Summ           8%         N/A       22%         1

Your spell library contained the following spells:

 Spells                   Type           Power      Damage    Failure   Level
 Magic Dart               Conj           8%         1d3       22%         1
 Sandblast                Erth           4%         2d4       22%         1
 Call Imp                 Summ           2%         N/A       32%         2
 Passwall                 Tmut/Erth      1%         N/A       32%         2
 Call Canine Familiar     Summ           2%         N/A       54%         3
 Confusing Touch          Hex            2%         N/A       54%         3
 Dazzling Flash           Conj/Hex       4%         N/A       54%         3
 Mephitic Cloud           Conj/Pois/Air  2%         N/A       54%         3
 Stone Arrow              Conj/Erth      4%         3d7       54%         3
 Summon Guardian Golem    Hex/Summ       2%         N/A       54%         3
 Vampiric Draining        Necr           2%         2d6       54%         3
 Agony                    Necr           2%         N/A       99%         5
 Silence                  Hex/Air        1%         N/A       99%         5


Dungeon Overview and Level Annotations

Branches:
Dungeon (4/15)
 Temple: D:4-7

Altars:
Dithmenos
Sif Muna


Innate Abilities, Weirdness & Mutations

You cannot wear most types of armour.
You are amphibious.
You can wear up to eight rings at the same time.
Your skin changes colour to match your surroundings (Stealth+).
Your rubbery body absorbs attacks. (AC +1, EV +1)
((You are camouflaged when in or above water. (Stealth+)))
You have tentacles for arms and can constrict up to eight enemies at once.
You sometimes lose your temper in combat.


Message History

Fire: a) +1 shortbow
Press: ? - help, Q - select action, (/) - cycle Shift-Dir - straight line, f/p - human skeleton
Aim: a human skeleton (severely damaged, 77% to hit)
You shoot an arrow. The arrow hits the human skeleton.
The human skeleton is severely damaged.
Fire: a) +1 shortbow
Press: ? - help, Q - select action, (/) - cycle Shift-Dir - straight line, f/p - human skeleton
Aim: a human skeleton (black smoke, severely damaged, 77% to hit)
You shoot an arrow. The arrow hits the human skeleton.
The human skeleton is severely damaged.
The human skeleton closely misses you.
You feel better. The human skeleton hits you!
* * * LOW HITPOINT WARNING * * *
Fire: a) +1 shortbow
Press: ? - help, Q - select action, (/) - cycle Shift-Dir - straight line, f/p - human skeleton
Aim: a human skeleton (severely damaged, 77% to hit)
You shoot an arrow.
The arrow closely misses the human skeleton.
The human skeleton hits you!
* * * LOW HITPOINT WARNING * * *
Fire: a) +1 shortbow
Press: ? - help, Q - select action, (/) - cycle Shift-Dir - straight line, f/p - human skeleton
Aim: a human skeleton (severely damaged, 77% to hit)
You shoot an arrow. The arrow hits the human skeleton.
The human skeleton is almost destroyed.
The human skeleton closely misses you.
Fire: a) +1 shortbow
Press: ? - help, Q - select action, (/) - cycle Shift-Dir - straight line, f/p - human skeleton
Aim: a human skeleton (almost destroyed, 77% to hit)
You shoot an arrow.
The arrow closely misses the human skeleton.
The human skeleton hits you.
* * * LOW HITPOINT WARNING * * *
Fire: a) +1 shortbow
Press: ? - help, Q - select action, (/) - cycle Shift-Dir - straight line, f/p - human skeleton
Aim: a human skeleton (almost destroyed, 77% to hit)
You shoot an arrow.
The arrow barely misses the human skeleton.
The human skeleton hits you.
You die...

........†..........###..##..#
..................## ##.....##
..................# #.......#
..........############.........
.........## #.# #.#.#.......##.
........## #'#+#'#'#..........
.......## #.'...'.#........(.
.......## ###Z..###..........
........# +.@.'.#..........
........# #+#'#.#..........
###.....## #.#.#.........
##.[...##########'#.........
#.....##......##........###
#.........#########....##
##.......### #..## #......###
..# #......# ...#


You could see a human skeleton.

Vanquished Creatures
  An ogre (D:3)
  2 elf zombies (D:4)
  2 howler monkeys (D:3)
  2 hounds (D:3)
  Jessica (D:2)
  Natasha (D:3)
  5 adders (D:2)
  26 gnolls (D:3)
  3 worms
  2 dart slugs
  15 orcs (D:3)
  3 endoplasms
  5 giant cockroaches
  11 goblins
  6 hobgoblins
  13 jackals
  6 kobolds
  2 quokkas
  4 ball pythons
  4 bats
  5 frilled lizards
  8 rats
127 creatures vanquished.

Vanquished Creatures (others)
  A plant (D:3)
1 creature vanquished.

Grand Total: 128 creatures vanquished

Notes
Turn   | Place    | Note
-------+----------+-------------------------------------------
     0 | D:1      | Barneous the Octopode Hunter began the quest for the Orb.
     0 | D:1      | Reached XP level 1. HP: 14/14 MP: 1/1
   111 | D:1      | Reached XP level 2. HP: 19/19 MP: 2/2
   314 | D:1      | Reached skill level 1 in Unarmed Combat
   366 | D:1      | Reached XP level 3. HP: 24/24 MP: 2/4
   874 | D:2      | Found a shimmering blue altar of Sif Muna.
   894 | D:2      | Became a worshipper of Sif Muna the Loreminder
   991 | D:2      | Reached skill level 1 in Spellcasting
  1002 | D:2      | Reached XP level 4. HP: 30/30 MP: 5/5
  1004 | D:2      | Found a faded altar of an unknown god.
  1019 | D:2      | Noticed Jessica
  1027 | D:2      | Killed Jessica
  1178 | D:2      | Reached XP level 5. HP: 22/35 MP: 5/7
  1514 | D:2      | Learned a level 1 spell: Slow
  1647 | D:3      | Reached XP level 6. HP: 42/42 MP: 8/8
  1681 | D:3      | Reached * piety under Sif Muna
  1967 | D:3      | Reached XP level 7. HP: 28/46 MP: 10/10
  2054 | D:3      | Reached skill level 5 in Ranged Weapons
  3207 | D:3      | Reached ** piety under Sif Muna
  3243 | D:3      | Noticed Natasha
  3252 | D:3      | Killed Natasha
  3346 | D:3      | Gained mutation: You sometimes lose your temper in combat.
                  | [potion of mutation]
  3783 | D:4      | Found a shadowy altar of Dithmenos.
  3979 | D:4      | Learned a level 1 spell: Summon Small Mammal
  4097 | D:4      | HP: 2/47 [human skeleton (3)]
  4098 | D:4      | Slain by a human skeleton

Illustrated notes

Levels and vault maps discovered:
D:1:      dpeg_arrival_rooms_with_view, layout_loops_ring
D:2:      layout_basic, basic_altar, basic_ecumenical_altar, minmay_guardbox,
          uniq_jessica
D:3:      lemuel_castle_with_subvaults [lemuel_castle_interior_carwin_1],
          layout_rooms, uniq_natasha
D:4:      layout_layer_cave, nicolae_dithmenos_shadow_blocks,
          lemuel_crystal_altar, nicolae_ossuary_entry_catacombs

Skill      XL: |  1  2  3  4  5  6  7 |
---------------+----------------------+-----
Stealth        | 2 3 4 |  4.9
Unarmed Combat | 1 2 3 |  3.1
Spellcasting   | 1 2 3 |  3.0
Fighting       | 3 |  3.9
Dodging        | 3 4 |  4.0
Ranged Weapons | 5 |  5.4

Action                   |  1- 3 |  4- 6 |  7- 9 || total
-------------------------+-------+-------+-------++-------
 Fire: Shortbow          |    86 |   176 |   231 ||   493
 Cast: Summon Small Mamm |       |       |     3 ||     3
  Use: Scroll            |     4 |     6 |       ||    10
       Potion            |     2 |     4 |     3 ||     9
Armor: Skin              |     2 |     1 |     4 ||     7
Dodge: Dodged            |    12 |    27 |    42 ||    81
